 Dungeon Crawl Stone Soup version 0.31-a0-221-gbddc013574 (webtiles) character file.

Game seed: 11604079469983786574

97 qw the Chopper (level 4, 0/28 HPs)
             Began as a Gargoyle Fighter on July 3, 2023.
             Slain by a centaur
             ... wielding a staff of death
              (1 damage)
             ... on level 3 of the Dungeon.
             The game lasted 00:00:53 (1397 turns).

qw the Chopper (Gargoyle Fighter)                   Turns: 1397, Time: 00:00:53

Health: 0/28       AC: 11    Str: 22    XL:     4   Next: 68%
Magic:  4/4        EV:  9    Int:  8    God:
Gold:   113        SH:  4    Dex:  9    Spells: 3/3 levels left

rFire   + . .        Y - +0 war axe
rCold   . . .        c - +0 buckler
rNeg    + . .        b - +0 scale mail
rPois   inf          (no helmet)
rElec   +            (no cloak)
rCorr   .            f - +0 pair of gloves
SInv    .            (no boots)
Will    .....        (no amulet)
Stlth   +            (no ring)
HPRegen 0.24/turn    (no ring)
MPRegen 0.09/turn

%: no passive effects
@: no status effects
A: sickness immunity, AC +3, negative energy resistance 1, electricity
resistance, torment resistance 1, petrification resistance, camouflage 1, fire
resistance 1
a: no special abilities


You were on level 3 of the Dungeon.
You visited 1 branch of the dungeon, and saw 3 of its levels.

You collected 113 gold pieces.


Innate Abilities, Weirdness & Mutations

You are immune to sickness and miasma.
Your stone body is resilient. (AC +3)
You are immune to poison.
You resist negative energy. (rN+)
You are resistant to electric shocks. (rElec)
You are resistant to unholy torment.
You are immune to petrification.
Your skin changes colour to match your surroundings (Stealth+).
Your flesh is heat resistant. (rF+)


   Skills:
 - Level 3.2 Fighting
 + Level 4.3 Axes
 - Level 3.2 Armour
 - Level 3.2 Shields


You had 3 spell levels left.
You didn't know any spells.
Your spell library was empty.

Inventory:

Hand Weapons
 g - a +0 whip
 Y - a +0 war axe (weapon)
Armour
 b - a +0 scale mail (worn)
 c - a +0 buckler (worn)
 f - a +0 pair of gloves (worn)
Scrolls
 e - a scroll of identify
Potions
 a - a potion of mutation
 d - a potion of might
 i - a potion of curing {unknown}

Dungeon Overview and Level Annotations

Branches:
Dungeon (3/15)

Altars:


Message History

The centaur shouts!
The centaur wields a +0 orcbow.
The centaur shoots an arrow.
The arrow hits you!
Items here: % ))) [.
Found 18 gold pieces.
The centaur shoots an arrow.
The arrow hits you but does no damage.
Found 6 poisoned darts.
The centaur shoots an arrow.
The arrow hits you but does no damage.
The centaur shoots an arrow.
The arrow hits you but does no damage.
The centaur shoots an arrow.
The arrow hits you.
The centaur unwields a +0 orcbow.
The centaur wields a staff of death.
The centaur hits you with a staff of death.
The centaur barely misses you.
The centaur hits you with a staff of death.
The centaur closely misses you.
You see here an orange potion.
You closely miss the centaur.
The centaur hits you with a staff of death.
The centaur kicks you but does no damage.
The centaur completely misses you.
The centaur kicks you but does no damage.
You hit the centaur but do no damage. The centaur closely misses you.
The centaur kicks you but does no damage.
The centaur closely misses you.
The centaur kicks you but does no damage.
You closely miss the centaur.
The centaur barely misses you. x2; You block the centaur's attack.
The centaur kicks you but does no damage.
You closely miss the centaur. The centaur barely misses you. x2
You closely miss the centaur.
The centaur hits you but does no damage.
The centaur kicks you but does no damage.
The centaur barely misses you. The centaur closely misses you.
You hit the centaur but do no damage.
The centaur hits you with a staff of death.
You writhe in agony.
The centaur kicks you.
The centaur hits you with a staff of death.
You writhe in agony.
You die...

#.# #.# #<# #.#
#)###.###
(.#####........
.$......###.###
###.###.###.#
.......@....#
###..##c#####
#. #.# # #.#
... ##. . .#


You could see a centaur.

Vanquished Creatures
  An orc wizard (D:3)
  2 adders (D:2)
  3 dart slugs
  3 orcs
  5 endoplasms
  A giant cockroach (D:1)
  5 goblins (D:2)
  5 hobgoblins
  3 quokkas
  5 ball pythons
  2 bats (D:1)
  A frilled lizard (D:1)
  4 kobolds
  3 rats
43 creatures vanquished.

Notes
Turn   | Place    | Note
-------+----------+-------------------------------------------
     0 | D:1      | qw the Gargoyle Fighter began the quest for the Orb.
     0 | D:1      | Reached XP level 1. HP: 14/14 MP: 1/1
     0 | D:1      | 0 ||| qw: Version: 0.3-a-40-ge99b1a8
     0 | D:1      | 0 ||| qw: Game counter: 538
     0 | D:1      | 0 ||| qw: Melee chars always use a shield: true
     0 | D:1      | 0 ||| qw: God list: Okawaru
     0 | D:1      | 0 ||| qw: Allow faded altars: false
     0 | D:1      | 0 ||| qw: Do Orc after clearing Dungeon:15 true
     0 | D:1      | 0 ||| qw: Do second Lair branch before Depths: true
     0 | D:1      | 0 ||| qw: Lair rune preference: random
     0 | D:1      | 0 ||| qw: Goals: Normal, Zot:1-4, Slime:5, God:TSO, Crypt,
                  | Tomb, Abyss, Pan, Hells, Win
     0 | D:1      | 0 ||| PLANNING D:1-11
    32 | D:1      | Reached skill level 2 in Axes
    61 | D:1      | 61 ||| Stepping ~*~*~tactically~*~*~ (stealth).
    99 | D:1      | Reached XP level 2. HP: 19/19 MP: 2/2
   148 | D:1      | 148 ||| Stepping ~*~*~tactically~*~*~ (hiding).
   283 | D:1      | 283 ||| FLEEEEING.
   284 | D:1      | 284 ||| FLEEEEING.
   323 | D:1      | 323 ||| Stepping ~*~*~tactically~*~*~ (stealth).
   398 | D:1      | Reached skill level 3 in Axes
   539 | D:1      | 539 ||| UPGRADING to +0 pair of gloves.
   544 | D:1      | 544 ||| READING scroll labelled ASMIMI JER HIY.
   545 | D:1      | 545 ||| READING scroll labelled VAEXTU OBBOF.
   595 | D:2      | Reached XP level 3. HP: 20/23 MP: 3/3
   965 | D:2      | 965 ||| Stepping ~*~*~tactically~*~*~ (stealth).
   966 | D:2      | 966 ||| Stepping ~*~*~tactically~*~*~ (stealth).
   975 | D:2      | Reached XP level 4. HP: 24/28 MP: 4/4
   999 | D:2      | 999 ||| Stepping ~*~*~tactically~*~*~ (stealth).
  1198 | D:2      | Found a faded altar of an unknown god.
  1275 | D:2      | 1275 ||| READING 3 scrolls labelled MASTEOT BAITEL.
  1276 | D:2      | 1276 ||| READING scroll labelled HUCUSKOJAU.
  1277 | D:2      | 1277 ||| DRINKING 2 red potions.
  1277 | D:2      | Gained mutation: Your flesh is heat resistant. (rF+)
                  | [potion of mutation]
  1277 | D:2      | Gained mutation: Your skin changes colour to match your
                  | surroundings (Stealth+). [potion of mutation]
  1278 | D:2      | 1278 ||| READING 2 scrolls of identify.
  1278 | D:2      | 1278 ||| IDENTIFYING glowing amethyst potion
  1279 | D:2      | 1279 ||| DROPPING potion of ambrosia.
  1318 | D:3      | 1318 ||| STAIRDANCE
  1334 | D:3      | 1334 ||| Stepping ~*~*~tactically~*~*~ (hiding).
  1340 | D:3      | Reached skill level 4 in Axes
  1386 | D:3      | Noticed a centaur
  1391 | D:3      | HP: 5/28 [centaur/staff of death (6)]
  1397 | D:3      | HP: 4/28 [centaur/staff of death (1)]
  1397 | D:3      | HP: 1/28 [centaur/staff of death (1)]
  1397 | D:3      | Slain by a centaur

Levels and vault maps discovered:
D:1:      matt_arrival_grand_opening, layout_rooms, serial_glass,
          glass_columns_a, glass_columns_a, glass_columns_a, glass_columns_a,
          glass_columns_a
D:2:      layout_loops_ring, ebering_ecumenical_altar_abandoned
D:3:      layout_loops_ring, mainiacjoe_overflow_24_doors,
          minmay_three_crescents

Skill      XL: |  1  2  3  4 |
---------------+-------------+-----
Axes           | 2 3 4 |  4.3
Fighting       | |  3.2
Armour         | |  3.2
Shields        | |  3.2

Action                     |  1- 3 |  4- 6 || total
---------------------------+-------+-------++-------
  Melee: War axe           |   106 |    35 ||   141
    Use: Scroll            |     2 |     3 ||     5
         Potion            |       |     1 ||     1
 Armour: Scale mail        |    61 |    21 ||    82
  Dodge: Dodged            |    49 |    19 ||    68
  Block: Buckler           |    19 |     8 ||    27

Table legend:
 A = Non-vault XP
 B = Vault XP
 C = Vault XP percentage of total XP
 D = Non-vault monster count
 E = Vault monster count
 F = Vault count percentage of total count
                 A         B        C        D         E       F
            +---------+---------+-------+---------+---------+-------
      Total |     139 |       0 |   0.0 |      43 |       0 |   0.0
            +---------+---------+-------+---------+---------+-------
        D:1 |      30 |       0 |   0.0 |      18 |       0 |   0.0
        D:2 |      66 |       0 |   0.0 |      22 |       0 |   0.0
        D:3 |      43 |       0 |   0.0 |       3 |       0 |   0.0
            +---------+---------+-------+---------+---------+-------
